 Dungeon Crawl Stone Soup version 0.19.5 (webtiles) character file.

136 Zhenya24pyc the Cudgeler (level 5, 0/32 HPs)
             Began as a Gargoyle Fighter on Apr 27, 2017.
             Slain by a gnoll
             ... wielding a +2 halberd of protection
              (8 damage)
             ... on level 3 of the Dungeon.
             The game lasted 00:03:25 (1645 turns).

Zhenya24pyc the Cudgeler (Gargoyle Fighter)         Turns: 1645, Time: 00:03:26

Health: 0/32       AC: 15    Str: 21    XL:     5   Next: 19%
Magic:  5/5        EV:  7    Int:  8    God:
Gold:   108        SH: 11    Dex:  9    Spells: 0 memorised, 4 levels left

rFire  . . .     SeeInvis .     a - +0 flail
rCold  . . .     Gourm    .     b - +0 scale mail
rNeg   + . .     Faith    .     c - +0 shield
rPois  ∞         Spirit   .     (no helmet)
rElec  +         Reflect  +     u - +2 cloak {rPois}
rCorr  .         Harm     .     r - +0 pair of gloves
MR     .....                    (no boots)
Stlth  ..........               t - +2 amulet of reflection
                                (no ring)
                                (no ring)

@: no status effects
A: negative energy resistance 1, electricity resistance, unbreathing,
petrification resistance, rot immunity, AC +4
a: no special abilities


You were on level 3 of the Dungeon.
You were not hungry.

You visited 1 branch of the dungeon, and saw 3 of its levels.

You collected 108 gold pieces.

Inventory:

Hand Weapons
 a - a +0 flail (weapon)
Armour
 b - a +0 scale mail (worn)
 c - a +0 shield (worn)
 r - a +0 pair of gloves (worn)
 u - a +2 cloak of poison resistance (worn)
Jewellery
 t - a +2 amulet of reflection (around neck)
Scrolls
 e - 2 scrolls of fear {unknown}
 i - a scroll of enchant armour {unknown}
 j - a scroll of amnesia {unknown}
 l - a scroll of random uselessness {unknown}
 m - a scroll of teleportation {unknown}
 p - a scroll of remove curse {unknown}
 s - a scroll of identify {unknown}
Potions
 d - a potion of might
 k - a potion of mutation {unknown}
 n - 2 potions of agility {unknown}
Comestibles
 f - 2 bread rations
 g - 2 meat rations
 h - 2 slices of pizza
 o - 2 chunks of flesh
 q - a beef jerky


   Skills:
 - Level 3.2 Fighting
 * Level 5.2 Maces & Flails
 - Level 3.2 Armour
 - Level 3.2 Shields


You had 4 spell levels left.
You didn't know any spells.

Dungeon Overview and Level Annotations

Branches:
Dungeon (3/15)

Altars:
Nemelex Xobeh

Annotations:
D:3 Grinder


Innate Abilities, Weirdness & Mutations

You are resistant to torment.
Your stone body is resilient. (AC +4)
You are immune to poison.
You resist negative energy. (rN+)
You are resistant to electric shocks. (rElec)
You can survive without breathing.
You are immune to petrification.
You are immune to rotting.


Message History

You sock the gnoll!
The gnoll is heavily wounded.
Grinder blinks!
You block the gnoll's attack.
The gnoll hits you from afar with a halberd of protection.
You closely miss the gnoll.
The gnoll is heavily wounded.
You block the gnoll's attack. The gnoll hits you but does no damage.
Your shield prevents you from hitting the gnoll.
The gnoll is heavily wounded.
The gnoll hits you but does no damage. The gnoll barely misses you.
You sock the gnoll!
You kill the gnoll!
You block the gnoll's attack.
The gnoll hits you with a halberd of protection.
* * * LOW HITPOINT WARNING * * *
Things that are here:
a gnoll corpse x2; a giant cockroach corpse You closely miss the gnoll.
The gnoll hits you with a halberd of protection!
You die...

######...........
############................
#>..........................
#.#.########................
#.#.# #.........#######
#.#.# #.........###### #.#.#
####.g.........#
#.#.###########...........##
#..........@gg5.............
######.########.............
#...######.........(...
#.####.................
#..###.....#####..###.. ##
#..........# ##.# ..
.......###.....# #.# .
.#.###.###.....# #.. .
#.............#


You could see Grinder and 2 gnolls.

Vanquished Creatures
  Crazy Yiuf (D:2)
  2 gnolls (D:3)
  An adder (D:2)
  2 oozes
  A worm (D:2)
  5 dart slugs
  A leopard gecko (D:3)
  3 giant cockroaches
  6 goblins
  4 hobgoblins
  4 jackals (D:1)
  2 quokkas (D:2)
  A ball python (D:2)
  6 bats
  7 frilled lizards
  6 kobolds
  8 rats
60 creatures vanquished.

Notes
Turn   | Place    | Note
-------+----------+-------------------------------------------
     0 | D:1      | Zhenya24pyc the Gargoyle Fighter began the quest for the Orb.
     0 | D:1      | Reached XP level 1. HP: 14/14 MP: 1/1
   113 | D:1      | Reached XP level 2. HP: 18/19 MP: 2/2
   141 | D:1      | Reached skill level 3 in Maces & Flails
   250 | D:1      | Reached XP level 3. HP: 22/23 MP: 3/3
   898 | D:2      | Found a runed door.
   934 | D:2      | Reached skill level 4 in Maces & Flails
   995 | D:2      | Reached XP level 4. HP: 20/28 MP: 4/4
  1210 | D:2      | Found a sparkling altar of Nemelex Xobeh.
  1436 | D:2      | Noticed Crazy Yiuf
  1442 | D:2      | Killed Crazy Yiuf
  1596 | D:3      | Reached skill level 5 in Maces & Flails
  1602 | D:3      | Noticed Grinder
  1602 | D:3      | Paralysed by Grinder for 6 turns
  1615 | D:3      | Paralysed by Grinder for 4 turns
  1634 | D:3      | Reached XP level 5. HP: 17/32 MP: 5/5
  1645 | D:3      | Slain by a gnoll

Skill      XL: |  1  2  3  4 |
---------------+-------------+-----
Maces & Flails | 3 4 5 |  5.2
Fighting       | |  3.2
Armour         | |  3.2
Shields        | |  3.2

Action                   |  1- 3 |  4- 6 || total
-------------------------+-------+-------++-------
Melee: Flail             |   167 |    95 ||   262
  Eat: Chunk             |     1 |     2 ||     3
Armor: Scale mail        |   107 |    51 ||   158
Dodge: Dodged            |    65 |    28 ||    93
Block: Shield            |    99 |    55 ||   154
